 Dungeon Crawl Stone Soup version 0.22.0-38-g04b72b8 (webtiles) character file.

218 Tarasboulda the Insei (level 5, -4/38 HPs)
             Began as a Demonspawn Transmuter on Aug 28, 2018.
             Killed by divine providence
             ... invoked by an orc priest
              (17 damage)
             ... on level 3 of the Dungeon.
             The game lasted 00:20:22 (3571 turns).

Tarasboulda the Insei (Demonspawn Transmuter)       Turns: 3571, Time: 00:20:22

Health: -4/38      AC:  5    Str: 13    XL:     5   Next: 63%
Magic:  8/10       EV: 13    Int: 12    God:
Gold:   138        SH:  0    Dex: 16    Spells: 8/11 levels left

rFire    . . .     SeeInvis .     - Unarmed
rCold    . . .     Gourm    .   (no shield)
rNeg     . . .     Faith    .   b - +1 robe
rPois    .         Spirit   .   (helmet restricted)
rElec    .         Reflect  .   (no cloak)
rCorr    .         Harm     .   (no gloves)
MR       .....                  (no boots)
Stlth    +.........             (no amulet)
HPRegen  0.12/turn              (no ring)
MPRegen  0.12/turn              (no ring)

@: no status effects
A: antennae 2, slimy green scales 1, agile 1, blurry vision 1, dopey 1, strong 1
a: no special abilities


You were on level 3 of the Dungeon.
You were very hungry.

You visited 1 branch of the dungeon, and saw 3 of its levels.

You collected 138 gold pieces.

Inventory:

Missiles
 a - 56 arrows
Armour
 b - a +1 robe (worn)
Jewellery
 i - an uncursed ring of magical power {unknown}
 m - an uncursed ring of teleportation
Scrolls
 c - a scroll of magic mapping
 f - 2 scrolls of identify
 g - a scroll of random uselessness
 h - a scroll of teleportation
 n - a scroll of blinking {unknown}
Potions
 l - a potion of haste {unknown}
Comestibles
 d - 6 rations


   Skills:
 + Level 2.2 Fighting
 + Level 2.5 Dodging
 * Level 3.9 Unarmed Combat
 * Level 3.5 Spellcasting
 - Level 2.1 Transmutations


You had 8 spell levels left.
You knew the following spells:

 Your Spells              Type           Power        Failure   Level  Hunger
a - Beastly Appendage     Tmut           #.....       10%         1    #......
b - Sticks to Snakes      Tmut           #.......     14%         2    ##.....

Your spell library contained the following spells:

 Spells                   Type           Power        Failure   Level  Hunger
 Spider Form              Tmut/Pois      #.........   41%         3    ###....
 Ice Form                 Ice/Tmut       #.......     83%         4    #####..
 Blade Hands              Tmut           #.........   95%         5    ######.


Dungeon Overview and Level Annotations

Branches:
Dungeon (3/15)

Altars:
Xom


Innate Abilities, Weirdness & Mutations

You have a pair of antennae on your head.
You are partially covered in slimy green scales. (AC +2)
You are agile. (Dex +2)
Scrolls take you a little longer to read.
You are dopey. (Int -2)
Your muscles are strong. (Str +2)


Message History

Beogh smites you!
Your ball python bites the orc priest but does no damage.
Your ball python constricts the orc priest.
The orc priest barely misses your ball python.
Your ball python bites the orc priest.
Your ball python constricts the orc priest.
Your ball python bites the orc priest but does no damage.
Your ball python constricts the orc priest.
The orc priest hits you from afar with a trident.
Your ball python bites the orc priest.
Your ball python constricts the orc priest.
The orc priest misses you.
Your ball python bites the orc priest but does no damage.
Your ball python constricts the orc priest.
The orc priest begins to cast a cantrip, but forgets the words!
Your ball python bites the orc priest but does no damage.
Your ball python constricts the orc priest.
The orc priest mumbles some strange prayers to Beogh against you.
Beogh smites you!
You die...

...#### #.# #.#......#.
#.....# #.# #.##'#####.
#.....# #.# ###).#.# #.
###>....# #.# #...[..#
#. ........# #.#
#......# ## ........#
#o# #......#
........###S###......#
..............#......##
#######...@...#.......#
#.......#######.##
#####.........<..####
#####...#........
#...#.#..#### #####
#...#.##.## # ....#
#...#.##.># # ....#
#######...#.###.###
....#
#.........#.......


You could see an orc priest and a friendly ball python.

Vanquished Creatures
  An orc wizard (D:3)
  6 adders
  A dart slug (D:1)
  A leopard gecko (D:2)
  5 orcs (D:3)
  6 giant cockroaches
  9 goblins
  7 hobgoblins
  3 jackals (D:2)
  A quokka (D:2)
  6 bats
  5 frilled lizards
  10 kobolds
  8 rats
69 creatures vanquished.

Vanquished Creatures (collateral kills)
  3 adders
  4 gnolls
  A worm (D:3)
  A dart slug (D:2)
  2 orcs (D:3)
  2 hobgoblins (D:2)
  2 bats (D:2)
  2 frilled lizards (D:2)
  3 rats
20 creatures vanquished.

Grand Total: 89 creatures vanquished

Notes
Turn   | Place    | Note
-------+----------+-------------------------------------------
     0 | D:1      | Tarasboulda the Demonspawn Transmuter began the quest for the Orb.
     0 | D:1      | Reached XP level 1. HP: 15/15 MP: 3/3
   299 | D:1      | Gained mutation: You are partially covered in slimy green scales. (AC +2) [demonic ancestry]
   299 | D:1      | Reached XP level 2. HP: 18/21 MP: 3/5
   848 | D:1      | Gained mutation: You have a pair of small antennae on your head. [demonic ancestry]
   848 | D:1      | Reached XP level 3. HP: 16/26 MP: 6/6
  1373 | D:2      | Gained mutation: Your magical capacity is low. (-10% MP) [potion of mutation]
  1373 | D:2      | Gained mutation: You have sharp toenails. [potion of mutation]
  1373 | D:2      | Gained mutation: You have a pair of antennae on your head. [potion of mutation]
  1414 | D:2      | Learned a level 2 spell: Sticks to Snakes
  1658 | D:2      | Reached XP level 4. HP: 22/32 MP: 3/7
  2085 | D:2      | Found a shimmering altar of Xom.
  2791 | D:3      | Mutation became permanent: You have a pair of small antennae on your head. [demonic ancestry]
  2791 | D:3      | Gained mutation: You have a pair of antennae on your head. [demonic ancestry]
  2791 | D:3      | Reached XP level 5. HP: 33/38 MP: 4/8
  2822 | D:3      | Lost mutation: Your magical capacity is low. (-10% MP) [potion of mutation]
  2822 | D:3      | Lost mutation: You have sharp toenails. [potion of mutation]
  2822 | D:3      | Gained mutation: Your muscles are strong. (Str +2) [potion of mutation]
  2822 | D:3      | Gained mutation: Scrolls take you a little longer to read. [potion of mutation]
  2822 | D:3      | Gained mutation: You are dopey. (Int -2) [potion of mutation]
  2822 | D:3      | Gained mutation: You are agile. (Dex +2) [potion of mutation]
  3571 | D:3      | Killed from afar by an orc priest

Skill      XL: |  1  2  3  4 |
---------------+-------------+-----
Unarmed Combat | 3 |  3.9
Transmutations | 2 |  2.1
Dodging        | 2 |  2.5
Spellcasting   | 3 |  3.5
Fighting       | 2 |  2.2

Action                   |  1- 3 |  4- 6 || total
-------------------------+-------+-------++-------
Melee: Unarmed           |   125 |   141 ||   266
       Kick              |    16 |    13 ||    29
       Punch             |     2 |     1 ||     3
       Headbutt          |     1 |       ||     1
 Cast: Beastly Appendage |    14 |       ||    14
       Sticks to Snakes  |     4 |    26 ||    30
  Use: Scroll            |     3 |     7 ||    10
       Potion            |     2 |     3 ||     5
 Stab: Sleeping          |       |     3 ||     3
       Distracted        |       |     1 ||     1
  Eat: Chunk             |     2 |     4 ||     6
       Ration            |       |     1 ||     1
Armor: Robe              |    24 |    38 ||    62
Dodge: Dodged            |    91 |    88 ||   179
